 Dungeon Crawl Stone Soup version 0.17-a0-896-g249456b (webtiles) character file.

262026 Medar the Warrior (level 19, -6/156 HPs)
             Began as a Mummy Warper on Apr 7, 2015.
             Was the Champion of Cheibriados.
             Killed from afar by Nikola (26 damage)
             ... with a chain lightning
             ... on level 2 of the Vaults on May 1, 2015.
             The game lasted 03:42:47 (59094 turns).

Medar the Warrior (Mummy Warper)                   Turns: 59094, Time: 03:42:48

Health: -6/156     AC: 26    Str: 36    XL:     19   Next: 59%
Magic:  21/31      EV: 21    Int: 33    God:    Cheibriados [******]
Gold:   472        SH:  8    Dex: 33    Spells: 11 memorised, 1 level left

rFire  + + .     SeeInvis .     a - +8 demon whip "Jahoekk" {elec, +Fly rPois Str+4}
rCold  + . .     Clarity  +     R - +4 fire dragon armour
rNeg   + + +     SustAb   .     k - +0 buckler
rPois  ∞         Gourm    .     x - +0 helmet of the Old World {rN+ Regen+}
rElec  .         Spirit   .     B - +0 cloak {MR+}
rCorr  .         Warding  .     p - +2 pair of gloves of Cuabledu {Str-2 Dex+3}
rMut   .         Stasis   .     K - +1 pair of boots
MR     +++..                    h - amulet of clarity
Stlth  +.........               o - ring of protection from fire
                                J - ring of Miracles {rC+ Str+5 Dex+3}

@: very slow, extremely resistant to hostile enchantments, very unstealthy
A: no food or potions, fire vulnerability, cold resistance 1, negative energy
resistance 3, torment resistance, unbreathing, in touch with death 1, restore
body
a: Self-Restoration, Bend Time, Temporal Distortion, Slouch, Step From Time,
Renounce Religion, Evoke Flight
}: 1/15 runes: serpentine


You were on level 2 of the Vaults.
You worshipped Cheibriados.
Cheibriados was exalted by your worship.
You were not hungry.

You visited 6 branches of the dungeon, and saw 39 of its levels.
You visited 1 bazaar.
You also visited: Ice Cave and Volcano.

You collected 4530 gold pieces.
You spent 4058 gold pieces at shops.

Inventory:

Hand weapons
 a - the +8 demon whip "Jahoekk" (weapon) {elec, +Fly rPois Str+4}
   (You bought it in a shop in a bazaar)

   Occasionally, upon striking a foe, it will discharge some electrical energy
   and cause terrible harm.
   It affects your strength (+4).
   It protects you from poison.
   It lets you fly.
 c - a +0 blowgun
 y - a +1 morningstar
Missiles
 b - 3 throwing nets {=f =F}
 j - 167 poisoned needles
 z - 9 javelins (quivered)
 Z - 4 curare-tipped needles
Armour
 k - a +0 buckler (worn)
 p - the +2 pair of gloves of Cuabledu (worn) {Str-2 Dex+3}
   (You bought it in a shop in a bazaar)

   It affects your strength (-2).
   It affects your dexterity (+3).
 x - the +0 helmet of the Old World (worn) {rN+ Regen+}
   (You bought it in a shop on level 4 of the Orcish Mines)

   It protects you from negative energy.
   It increases your rate of regeneration.
 B - a +0 cloak of magic resistance (worn)
 K - a +1 pair of boots (worn)
 R - a +4 fire dragon armour (worn)
Jewellery
 g - an uncursed ring of sustain abilities
 h - an amulet of clarity (around neck)
 l - an uncursed amulet of warding
 o - a ring of protection from fire (right hand)
 q - an uncursed amulet of stasis
 t - an uncursed ring of protection from cold
 u - an uncursed ring of invisibility
 J - the ring of Miracles (left hand) {rC+ Str+5 Dex+3}
   (You found it on level 9 of the Dungeon)

   [ring of dexterity]

   It affects your strength (+5).
   It affects your dexterity (+3).
   It protects you from cold.
 Q - an uncursed amulet of resist mutation
Magical devices
 i - a wand of lightning (4)
 n - a wand of polymorph (14)
 s - a wand of fire (1)
 v - a wand of draining (11)
 w - a wand of cold (3)
 A - a wand of disintegration (16)
 C - a wand of fire (10)
 S - a wand of digging (6)
 W - a wand of disintegration (12)
 Y - a wand of digging (10)
Scrolls
 d - 4 scrolls of blinking
 e - a scroll of acquirement
 f - 3 scrolls of recharging
 m - a scroll of brand weapon
 r - 2 scrolls of silence {!r}
 E - 2 scrolls of fear
 F - 10 scrolls of remove curse {@r1}
 H - a scroll of teleportation
 L - a scroll of torment {unknown}
 M - 5 scrolls of fog
 N - 2 scrolls of magic mapping
 X - a scroll of vulnerability
Miscellaneous
 O - a phial of floods
 V - a stone of tremors


   Skills:
 - Level 15.6 Fighting
 - Level 14.0 Maces & Flails
 - Level 2.6 Throwing
 - Level 13.3 Armour
 - Level 8.8 Dodging
 - Level 4.9 Shields
 + Level 8.6 Spellcasting
 - Level 7.8 Hexes
 - Level 4.3 Charms
 - Level 12.0 Necromancy
 - Level 8.1 Translocations
 - Level 5.3 Invocations


You had one spell level left.
You knew the following spells:

 Your Spells              Type           Power        Failure   Level  Hunger
b - Dispel Undead         Necr           #######.     1%          5    N/A
c - Vampiric Draining     Necr           #######...   1%          3    N/A
f - Tukima's Dance        Hex            ######..     1%          3    N/A
g - Portal Projectile     Tloc           ######       1%          3    N/A
l - Summon Butterflies    Summ           ##......     8%          1    N/A
p - Apportation           Tloc           ######....   1%          1    N/A
s - Animate Dead          Necr           N/A          1%          4    N/A
t - Phase Shift           Tloc           ######....   8%          5    N/A
v - Agony                 Necr           #######.     1%          5    N/A
w - Blink                 Tloc           N/A          1%          2    N/A
T - Shroud of Golubria    Chrm/Tloc      ######....   1%          2    N/A

Dungeon Overview and Level Annotations

Branches:
Dungeon (15/15) Temple (0/1) D:5 Lair (8/8) D:10 Swamp (5/5) Lair:6 Snake (5/5) Lair:6 Slime (0/6) Lair:6 Lair:7 Orc (4/4) D:11 Elf (0/3) Orc:3 Vaults (2/5) D:14 Depths (0/5) D:15 Crypt: Vaults:2-3

Altars:
Ashenzari
Cheibriados
Dithmenos
Elyvilon
Fedhas
Kikubaaqudgha
Makhleb
Ru
Sif Muna
Trog
Vehumet
Xom
Yredelemnul
The Shining One
Jiyva

Shops:
D:7 !   D:14 *   Orc:2 (   Orc:4 :[![   Snake:1 %   Snake:3 :

Annotations:
Swamp:5 Lernaean hydra
Vaults:2 Nikola


Innate Abilities, Weirdness & Mutations

You do not eat or drink.
Your flesh is vulnerable to fire.
You are immune to poison.
Your flesh is cold resistant.
You are immune to negative energy.
You are immune to unholy pain and torment.
You can survive without breathing.
You are in touch with the powers of death.
You can restore your body by infusing magical energy.


Message History

Use which ability? (? or * to list) Really harm your orc zombies?
You can feel time thicken for a moment.
You destroy your orc zombie!
That felt strangely unrewarding.
Use which ability? (? or * to list) Really harm your orc zombies?
You can feel time thicken for a moment.
You destroy your orc zombie!
That felt strangely unrewarding.
You destroy your orc zombie!
That felt strangely unrewarding.
Nikola casts a spell.
You hear a mighty clap of thunder!
The lightning arc hits you!
* * * LOW HITPOINT WARNING * * *
The lightning arc hits you!
* * * LOW HITPOINT WARNING * * *
The lightning arc hits Nikola.
The lightning arc hits you!
You die...

##. .....@..#
.........# #.
..........# #.
...........# #.
...........# #.
...........# #.
........))..# #.
#.@...# #. #.Z...# #.
#.....# #. #.....# #.
#.....# #. #.....# #.
###.....############.
..........).).........
...........)..........


You could see Nikola and a friendly orc zombie.

Vanquished Creatures
  A lich (Vaults:1)
  Jorgrun (Swamp:3)
  5 thorn hunters
  12 greater nagas
  4 vault wardens (Vaults:1)
  Aizul (Snake:1)
  An orc warlord (Orc:1)
  3 ironheart preservers (Vaults:1)
  2 very ugly things (Swamp:4)
  Nessos (Orc:4)
  A rakshasa (Vaults:1)
  A white draconian (IceCv)
  Snorg (Orc:2)
  An ettin (Vaults:1)
  A fire dragon (Vaults:1)
  4 vault guards (D:14)
  2 yaktaur captains (Vaults:1)
  2 great orbs of eyes (Vaults:1)
  Josephine (Lair:8)
  20 hydras
  An entropy weaver (shapeshifter) (Vaults:1)
  A ghost crab (Swamp:5)
  Harold (D:11)
  15 naga warriors
  4 centaur warriors
  17 anacondas
  A catoblepas (Lair:8)
  An ice dragon (Lair:4)
  2 ogre magi
  2 deep troll shamans
  8 alligators
  5 death yaks
  A tengu warrior (D:15)
  20 naga sharpshooters
  Urug (Lair:3)
  Sonja (Orc:2)
  Nergalle (Orc:1)
  A deep elf knight (Vaults:1)
  7 shock serpents
  5 salamander mystics
  3 unseen horrors
  2 wizards
  2 spriggan druids
  7 naga ritualists
  7 deep trolls (Vaults:1)
  A sea snake (Snake:2)
  A shambling mangrove (Swamp:4)
  6 orc knights
  10 swamp dragons
  7 ironbrand convokers (Vaults:1)
  Pikel (D:9)
  22 ugly things
  A wolf spider zombie (D:15)
  A deep elf conjurer (D:15)
  2 necromancers
  9 hill giants
  2 hornets (Swamp:1)
  5 mana vipers
  5 cyclopes
  2 orc sorcerers
  18 salamanders
  3 wolf spiders (Vaults:1)
  A griffon (Lair:5)
  A manticore (D:12)
  14 elephants
  25 slime creatures
  41 black mambas
  7 guardian serpents
  31 naga magi
  2 human skeletons (Vaults:2)
  Psyche (D:11)
  2 gargoyles
  A kobold demonologist (D:12)
  4 komodo dragons
  12 yaktaurs
  18 spiny frogs
  4 two-headed ogres
  14 polar bears (IceCv)
  A giant leech (Swamp:2)
  Grinder (D:5)
  6 bog bodies
  19 ravens
  A boulder beetle (Vaults:1)
  8 trolls
  A harpy skeleton (D:14)
  4 baby alligators (Swamp:1)
  14 blink frogs
  A raven (shapeshifter) (D:13)
  6 shadows
  5 wyverns
  5 wraiths
  A basilisk (shapeshifter) (Vaults:1)
  2 hungry ghosts
  39 yaks
  14 hippogriffs
  A golden eye (shapeshifter) (D:15)
  2 deep elf magi (D:12)
  2 deep elf fighters
  2 wargs
  50 nagas
  26 wolves
  2 basilisks
  19 insubstantial wisps
  17 vampire mosquitoes
  25 water moccasins
  27 swamp worms
  15 swamp drakes
  15 porcupines
  43 orc warriors
  2 sky beasts
  3 phantoms
  An eye of draining (D:3)
  2 necrophages
  5 black bears
  4 slaves (D:9)
  2 wasps
  2 boring beetles
  15 ogres
  29 centaurs
  4 big kobolds
  13 crocodiles
  21 giant frogs
  3 human zombies (Vaults:2)
  A gnoll sergeant (D:7)
  A wyvern skeleton (D:12)
  A wyvern zombie (D:12)
  3 scorpions
  12 killer bees
  3 wights
  4 electric eels
  8 jellies
  5 crimson imps
  3 centaur zombies
  2 goliath beetles (D:7)
  2 quasits
  2 wasp zombies
  2 giant frog zombies
  21 hounds
  2 wolf skeletons (Lair:8)
  9 centaur skeletons
  11 iguanas
  3 giant frog skeletons
  15 orc priests
  Ijyb (D:2)
  32 orc wizards
  Natasha (thrice) (D:2)
  11 worker ants
  6 hell rats (Lair:3)
  17 sheep
  2 hound zombies (D:6)
  A mummy (D:10)
  99 river rats
  29 adders
  2 shadow imps
  11 white imps (D:13)
  9 gnolls
  4 worms
  A worm (shapeshifter) (Vaults:1)
  4 adder skeletons
  An adder zombie (D:7)
  8 giant geckos
  172 orcs
  2 bat skeletons
  7 giant cockroaches
  23 goblins
  20 hobgoblins
  11 jackals
  37 kobolds
  14 quokkas
  14 ball pythons
  A ball python zombie (D:6)
  14 bats
  A giant gecko skeleton (D:6)
  3 giant newts
  A giant spore (D:6)
  3 hobgoblin skeletons
  A jackal skeleton (D:5)
  A jackal zombie (D:5)
  2 kobold skeletons (D:7)
  An orc skeleton (Orc:4)
  An orc zombie (Orc:4)
  2 quokka skeletons (Lair:3)
  19 rats
  4 river rat skeletons
  3 ballistomycetes (D:6)
  A fungus (Swamp:2)
  A plant (Swamp:1)
1645 creatures vanquished.

Vanquished Creatures (collateral kills)
  Roxanne (Swamp:2)
  A greater naga (Snake:5)
  2 hydras
  A naga warrior (Snake:3)
  A centaur warrior (D:13)
  An anaconda (Snake:3)
  A rakshasa (Vaults:1)
  2 tengu warriors
  2 alligators
  A death yak (Lair:8)
  2 naga sharpshooters
  2 shock serpents
  5 naga ritualists (Snake:5)
  A shambling mangrove (Swamp:4)
  2 swamp dragons
  A deep troll (Vaults:1)
  An orc knight (Orc:4)
  A mana viper (Snake:3)
  A griffon (Lair:4)
  A salamander (Snake:5)
  10 elephants
  2 ugly things
  2 naga magi (Snake:5)
  A torpor snail (Lair:5)
  6 black mambas
  10 spiny frogs
  A centaur skeleton (D:14)
  A troll (D:13)
  2 yaktaurs (Vaults:1)
  A wyvern (D:12)
  2 komodo dragons (Lair:6)
  2 polar bears
  Prince Ribbit (D:7)
  A bog body (Swamp:2)
  A blink frog (Lair:8)
  A slime creature (Swamp:1)
  A deep elf mage (D:12)
  2 wraiths (Lair:7)
  2 vampire mosquitoes
  5 hippogriffs
  9 yaks
  3 wolves
  4 swamp worms
  7 water moccasins
  3 swamp drakes
  10 nagas
  A wasp (D:13)
  2 orc warriors (Orc:4)
  6 porcupines
  2 ogres (Vaults:1)
  3 centaurs (D:13)
  A boring beetle (Lair:7)
  6 crocodiles
  A big kobold (D:7)
  6 giant frogs
  A scorpion (D:10)
  An electric eel (Snake:2)
  A quasit (D:12)
  3 orc priests
  A hound (D:10)
  An orc wizard (D:9)
  6 iguanas
  2 worker ants
  8 sheep
  2 gnolls (D:7)
  10 adders
  49 river rats
  2 shadow imps
  3 white imps
  An ufetubus (D:12)
  An orc zombie (Orc:4)
  19 orcs
  2 ball pythons (Lair:6)
  7 bats
  A giant cockroach (D:8)
  2 hobgoblins
  11 kobolds
  3 quokkas
  5 rats
  6 fungi
296 creatures vanquished.

Vanquished Creatures (others)
  An eldritch tentacle (Vaults:1)
  7 centaur skeletons
  3 water elementals
  6 black mamba skeletons
  2 ugly thing skeletons (D:13)
  2 hill giant skeletons
  2 yaks
  A spiny frog skeleton (Lair:8)
  4 elephant skeletons
  5 blink frog skeletons
  2 komodo dragon skeletons
  4 water moccasin skeletons
  A wyvern skeleton (Lair:2)
  5 elf skeletons
  A warg skeleton (Orc:1)
  8 hippogriff skeletons
  4 polar bear skeletons (IceCv)
  A troll skeleton (D:13)
  16 yak skeletons
  10 wolf skeletons
  5 giant frog skeletons
  2 black bear skeletons
  5 human skeletons
  4 porcupine skeletons
  5 sheep (D:8)
  2 big kobold skeletons
  3 crocodile skeletons
  An ogre skeleton (Orc:4)
  2 dwarf skeletons (Lair:8)
  8 hound skeletons
  A hell rat skeleton (Lair:3)
  11 adder skeletons
  An electric eel skeleton (Lair:8)
  3 sheep skeletons
  2 iguana skeletons
  An orc (Orc:4)
  5 bat skeletons
  A hobgoblin (D:6)
  A ball python skeleton (Lair:6)
  2 giant gecko skeletons
  4 gnoll skeletons (D:7)
  2 goblin skeletons
  4 hobgoblin skeletons
  2 jackal skeletons (D:9)
  9 kobold skeletons
  58 orc skeletons
  4 quokka skeletons
  10 rat skeletons
  58 river rat skeletons
  A briar patch (Swamp:5)
  4 butterflies (D:4)
  27 eldritch tentacle segments (Vaults:1)
  6 fungi
  6 plants
  7 toadstools (Swamp:3)
352 creatures vanquished.

Grand Total: 2293 creatures vanquished

Notes
Turn   | Place    | Note
--------------------------------------------------------------
     0 | D:1      | Medar, the Mummy Warper, began the quest for the Orb.
     0 | D:1      | Reached XP level 1. HP: 16/16 MP: 3/3
   329 | D:1      | Reached XP level 2. HP: 20/22 MP: 5/5
   333 | D:1      | Learned a level 2 spell: Blink
   392 | D:1      | Reached skill level 3 in Translocations
   396 | D:1      | Learned a level 2 spell: Shroud of Golubria
  1346 | D:2      | Noticed Ijyb
  1366 | D:2      | Killed Ijyb
  1366 | D:2      | Reached XP level 3. HP: 18/27 MP: 2/6
  1467 | D:2      | Noticed Natasha
  1479 | D:2      | Killed Natasha
  1479 | D:2      | Reached skill level 1 in Charms
  1479 | D:2      | Reached XP level 4. HP: 2/33 MP: 5/7
  1814 | D:2      | Found a snail-covered altar of Cheibriados.
  1864 | D:2      | Became a worshipper of Cheibriados the Contemplative
  2349 | D:2      | Reached XP level 5. HP: 32/38 MP: 6/8
  2957 | D:3      | Learned a level 3 spell: Teleport Other
  3122 | D:3      | Found a blossoming altar of Fedhas.
  3169 | D:3      | Acquired Cheibriados's first power
  3892 | D:2      | Noticed Natasha
  3897 | D:2      | Killed Natasha
  3966 | D:2      | Noticed Natasha
  3971 | D:2      | Killed Natasha
  4034 | D:3      | Noticed an eye of draining
  4480 | D:3      | Found a bloodstained altar of Trog.
  4492 | D:3      | Killed an eye of draining
  4492 | D:3      | Reached skill level 4 in Maces & Flails
  4492 | D:3      | Reached XP level 6. HP: 44/44 MP: 2/9
  4577 | D:3      | Found a glowing golden altar of the Shining One.
  4613 | D:3      | Found a deep blue altar of Sif Muna.
  4738 | D:3      | Learned a level 1 spell: Summon Butterflies
  5288 | D:4      | Got a crude spear
  5289 | D:4      | Identified the +5 spear of Sunlight {venom, Dex+4} (You found it on level 4 of the Dungeon)
  5353 | D:4      | Reached skill level 5 in Maces & Flails
  5699 | D:4      | Reached XP level 7. HP: 36/50 MP: 3/10
  5700 | D:4      | Reached skill level 1 in Invocations
  5983 | D:4      | Found a basalt altar of Yredelemnul.
  6186 | D:4      | Acquired Cheibriados's second power
  6621 | D:4      | Found a white marble altar of Elyvilon.
  6676 | D:5      | Entered Level 5 of the Dungeon
  6882 | D:5      | Found a staircase to the Ecumenical Temple.
  6935 | D:5      | Noticed Grinder
  6958 | D:5      | Killed Grinder
  6958 | D:5      | Reached skill level 6 in Maces & Flails
  7397 | D:5      | Reached XP level 8. HP: 49/56 MP: 11/11
  7664 | D:4      | Found a shadowy altar of Dithmenos.
  7928 | D:4      | Acquired Cheibriados's third power
  8069 | D:6      | Learned a level 3 spell: Portal Projectile
  8206 | D:6      | Reached skill level 1 in Armour
  8226 | D:6      | Identified a scroll of acquirement
  8234 | D:6      | HP: 1/57 [giant frog (7)]
  8602 | D:6      | Learned a level 1 spell: Animate Skeleton
  9101 | D:6      | Reached skill level 1 in Throwing
  9105 | D:6      | HP: 1/58 [wasp zombie (9)]
  9625 | D:7      | Noticed Prince Ribbit
  9645 | D:6      | Reached skill level 1 in Necromancy
  9734 | D:7      | Found Wapussoz's Distillery.
  9790 | D:7      | Reached XP level 9. HP: 24/63 MP: 15/15
 10061 | D:7      | Found an ancient bone altar of Kikubaaqudgha.
 10180 | D:7      | Killed Prince Ribbit
 10180 | D:7      | Reached skill level 1 in Shields
 10360 | D:7      | Learned a level 3 spell: Vampiric Draining
 10463 | D:7      | Your ally Prince Ribbit died
 10904 | D:7      | Reached skill level 7 in Maces & Flails
 11652 | D:7      | Reached XP level 10. HP: 65/70 MP: 11/16
 12113 | D:8      | Acquired Cheibriados's fourth power
 12708 | D:8      | Found a shimmering altar of Xom.
 13305 | D:9      | Got a wavering silver ring
 13306 | D:9      | Identified the ring of Miracles {rC+ Str+5 Dex+3} (You found it on level 9 of the Dungeon)
 13321 | D:9      | Reached skill level 5 in Fighting
 13621 | D:9      | Reached skill level 8 in Maces & Flails
 13955 | D:9      | Found a burning altar of Makhleb.
 14052 | D:9      | Noticed Pikel
 14066 | D:9      | Killed Pikel
 14499 | D:10     | Entered Level 10 of the Dungeon
 14970 | D:10     | Noticed a hill giant
 14981 | D:10     | Killed a hill giant
 15485 | D:10     | Reached skill level 9 in Maces & Flails
 15803 | D:10     | Reached XP level 11. HP: 65/84 MP: 17/17
 15887 | D:10     | Found a staircase to the Lair.
 16168 | D:10     | Killed an unseen horror
 16630 | D:10     | Upgraded the game from 0.17-a0-477-g451446c to 0.17-a0-483-g810ce3f
 16635 | Lair:1   | Entered Level 1 of the Lair of Beasts
 16992 | Lair:1   | Found a dark tunnel.
 16998 | Volcano  | Entered a volcano
 17176 | Lair:1   | Reached skill level 10 in Maces & Flails
 19244 | Lair:2   | Reached skill level 11 in Maces & Flails
 20920 | Lair:3   | Noticed Urug
 20941 | Lair:3   | Killed Urug
 21258 | Lair:3   | Reached XP level 12. HP: 75/91 MP: 18/18
 21362 | Lair:3   | Reached skill level 12 in Maces & Flails
 22207 | Lair:3   | Upgraded the game from 0.17-a0-483-g810ce3f to 0.17-a0-491-gbd49765
 22266 | Lair:4   | Noticed an eight-headed hydra
 22314 | Lair:4   | Noticed a five-headed hydra
 22323 | Lair:4   | Killed a five-headed hydra
 22717 | Lair:4   | Reached skill level 5 in Dodging
 22831 | Lair:4   | You fall through a shaft!
 23221 | Lair:4   | Killed an eight-headed hydra
 23607 | Lair:4   | Noticed an ice dragon
 23615 | Lair:4   | Killed an ice dragon
 23713 | Lair:4   | Upgraded the game from 0.17-a0-491-gbd49765 to 0.17-a0-512-gd6a67cc
 24782 | Lair:5   | Found a runed door.
 24952 | Lair:5   | Noticed a five-headed hydra
 24957 | Lair:5   | Killed a five-headed hydra
 25421 | Lair:6   | Reached skill level 13 in Maces & Flails
 25426 | Lair:6   | Found a staircase to the Snake Pit.
 25778 | Lair:6   | Found a staircase to the Swamp.
 25782 | Lair:6   | Gained mutation: You are in touch with the powers of death. [Mummy growth]
 25782 | Lair:6   | Gained mutation: You can restore your body by infusing magical energy. [Mummy growth]
 25782 | Lair:6   | Reached XP level 13. HP: 96/96 MP: 19/19
 26531 | Lair:6   | Found a viscous altar of Jiyva.
 26533 | Lair:6   | Found a staircase to the Slime Pits.
 27136 | Lair:6   | Reached skill level 14 in Maces & Flails
 27170 | Lair:6   | Reached skill level 5 in Armour
 27382 | D:10     | Learned a level 3 spell: Tukima's Dance
 27661 | Lair:7   | Reached skill level 1 in Hexes
 28637 | Lair:7   | Reached skill level 5 in Hexes
 29503 | Lair:7   | Found a staircase to the Slime Pits.
 29650 | Lair:8   | Entered Level 8 of the Lair of Beasts
 29650 | Lair:8   | Noticed Josephine
 29777 | Lair:8   | Killed Josephine
 30429 | Lair:8   | Reached XP level 14. HP: 103/103 MP: 20/20
 32318 | Lair:8   | Got a jewelled great sword
 32324 | Lair:8   | Identified the +8 great sword "Guwocaf" {flame, rElec Int+3} (You found it on level 8 of the Lair of Beasts)
 32763 | D:11     | Found a staircase to the Orcish Mines.
 32768 | D:11     | Noticed Psyche
 32776 | D:11     | Killed Psyche
 32864 | D:11     | Noticed Harold
 32887 | D:11     | Killed Harold
 33544 | Orc:1    | Entered Level 1 of the Orcish Mines
 33572 | Orc:1    | Noticed an orc warlord
 33582 | Orc:1    | Killed an orc warlord
 34287 | Orc:2    | Noticed Nergalle
 34307 | Orc:1    | Killed Nergalle
 34443 | Orc:2    | Found Odis's Weapon Shoppe.
 34624 | Orc:2    | Noticed Sonja
 34643 | Orc:2    | Killed Sonja
 34695 | Orc:3    | Found a staircase to the Elven Halls.
 34775 | Orc:3    | Found a radiant altar of Vehumet.
 35321 | Orc:2    | Noticed Snorg
 35337 | Orc:2    | Killed Snorg
 35846 | Orc:4    | Entered Level 4 of the Orcish Mines
 36198 | Orc:4    | Noticed Nessos
 36208 | Orc:4    | Killed Nessos
 36603 | Orc:4    | Your ally Nessos died
 36626 | Orc:4    | Reached skill level 5 in Spellcasting
 37709 | Orc:4    | Found Femas's Distillery.
 37709 | Orc:4    | Found Queguh's Antique Armour Emporium.
 37718 | Orc:4    | Found Xiz Kalo's Book Shoppe.
 37764 | Orc:4    | Found Cozi's Armour Boutique.
 37769 | Orc:4    | Bought a +0 pair of boots for 58 gold pieces
 37769 | Orc:4    | Bought the cursed +0 helmet of the Old World {rN+ Regen+} for 165 gold pieces
 37793 | Orc:4    | Bought a pair of glowing boots for 148 gold pieces
 37804 | Orc:4    | Bought a glowing cloak for 148 gold pieces
 37815 | Orc:4    | Bought a crude chain mail for 313 gold pieces
 37825 | Orc:4    | Identified the +3 chain mail of Lietwef {rPois rN++ Dex+3 Slay-5} (You bought it in a shop on level 4 of the Orcish Mines)
 37916 | Orc:4    | Upgraded the game from 0.17-a0-512-gd6a67cc to 0.17-a0-547-g5e20af8
 37935 | Orc:4    | Upgraded the game from 0.17-a0-547-g5e20af8 to 0.17-a0-562-gfd539b1
 37936 | Orc:4    | Upgraded the game from 0.17-a0-562-gfd539b1 to 0.17-a0-587-g4707e02
 38088 | D:10     | Upgraded the game from 0.17-a0-587-g4707e02 to 0.17-a0-627-g5cb7d3e
 39248 | D:13     | Reached XP level 15. HP: 107/113 MP: 23/23
 39252 | D:13     | Found a frozen archway.
 39294 | IceCv    | Entered an ice cave
 39526 | IceCv    | Reached skill level 5 in Necromancy
 39960 | IceCv    | Identified Sif Muna's Volume of Scorching Enhancements
 40529 | D:13     | Reached skill level 5 in Invocations
 40934 | D:10     | Learned a level 4 spell: Animate Dead
 40937 | D:10     | Upgraded the game from 0.17-a0-627-g5cb7d3e to 0.17-a0-725-gfa8c127
 41107 | D:14     | Found a flickering gateway to a bazaar.
 41141 | Bazaar   | Entered a bazaar
 41141 | Bazaar   | Found Bathras's Distillery.
 41141 | Bazaar   | Found Newnookk's Antique Weapon Shop.
 41182 | Bazaar   | Found Zypha's Antique Armour Shop.
 41191 | Bazaar   | Bought a pair of faintly glowing gloves for 199 gold pieces
 41196 | Bazaar   | Identified the +2 pair of gloves of Cuabledu {Str-2 Dex+3} (You bought it in a shop in a bazaar)
 41210 | Bazaar   | Bought a bone demon whip for 700 gold pieces
 41210 | Bazaar   | Identified the +8 demon whip "Jahoekk" {elec, +Fly rPois Str+4} (You bought it in a shop in a bazaar)
 41227 | Bazaar   | Bought a transparent flail for 297 gold pieces
 41227 | Bazaar   | Identified the +4 flail "Zeopt" {crush, Str+2 Int+5 Stlth+} (You bought it in a shop in a bazaar)
 41252 | D:14     | Found a sacrificial altar of Ru.
 41576 | D:14     | Found Setysij's General Store.
 41748 | D:14     | Found a gate to the Vaults.
 41752 | D:14     | Reached skill level 5 in Translocations
 42163 | Orc:4    | Bought a book of Dreams for 1050 gold pieces
 42169 | Orc:4    | Learned a level 5 spell: Phase Shift
 42497 | Swamp:1  | Entered Level 1 of the Swamp
 43798 | Swamp:2  | Reached XP level 16. HP: 86/120 MP: 26/26
 43934 | Swamp:2  | Noticed Roxanne
 43994 | Swamp:2  | Killed Roxanne
 44569 | Swamp:3  | Noticed Jorgrun
 44589 | Swamp:3  | Killed Jorgrun
 44686 | Swamp:3  | Your ally Jorgrun died
 44810 | Swamp:3  | Upgraded the game from 0.17-a0-725-gfa8c127 to 0.17-a0-744-gaa96792
 45393 | Swamp:3  | Reached skill level 10 in Fighting
 45601 | Swamp:3  | Upgraded the game from 0.17-a0-744-gaa96792 to 0.17-a0-755-g4391640
 46563 | Swamp:5  | Entered Level 5 of the Swamp
 46817 | Swamp:5  | HP: 5/124 [cyan very ugly thing (21)]
 47662 | Swamp:5  | Noticed the 27-headed Lernaean hydra
 47663 | Swamp:5  | Upgraded the game from 0.17-a0-755-g4391640 to 0.17-a0-848-g7e5c6af
 48061 | Swamp:5  | Reached XP level 17. HP: 116/133 MP: 23/27
 48094 | Swamp:5  | Upgraded the game from 0.17-a0-848-g7e5c6af to 0.17-a0-870-gcb215c1
 48505 | Snake:1  | Entered Level 1 of the Snake Pit
 48766 | Snake:1  | Reached skill level 10 in Armour
 48975 | Snake:1  | Noticed Aizul
 48991 | Snake:1  | Killed Aizul
 49036 | Snake:1  | Found Goekojuz's Food Shop.
 49131 | Snake:1  | Your ally Aizul died
 50282 | Snake:3  | Found Faet's Book Shoppe.
 50400 | Snake:3  | Found a runed gate.
 50400 | Snake:3  | Found a runed gate.
 50401 | Snake:3  | Found a runed gate.
 52323 | Snake:4  | Reached XP level 18. HP: 138/146 MP: 28/28
 53193 | Snake:4  | Upgraded the game from 0.17-a0-870-gcb215c1 to 0.17-a0-896-g249456b
 53194 | Snake:5  | Entered Level 5 of the Snake Pit
 53875 | Snake:5  | Reached skill level 15 in Fighting
 54571 | Snake:5  | Got a serpentine rune of Zot
 55445 | D:15     | Entered Level 15 of the Dungeon
 55561 | D:15     | Found a staircase to the Depths.
 55830 | D:15     | Found a shattered altar of Ashenzari.
 56380 | Vaults:1 | Entered Level 1 of the Vaults
 56389 | Vaults:1 | Reached XP level 19. HP: 156/156 MP: 27/31
 56493 | Vaults:1 | Noticed a lich
 56827 | Orc:4    | Bought a book of Death for 980 gold pieces
 56833 | Orc:4    | Learned a level 5 spell: Dispel Undead
 57188 | Vaults:1 | Killed a lich
 57558 | D:10     | Learned a level 5 spell: Agony
 57730 | Vaults:1 | Reached skill level 10 in Necromancy
 59092 | Vaults:2 | Noticed Nikola
 59094 | Vaults:2 | Killed from afar by Nikola

Action                   |  1- 3 |  4- 6 |  7- 9 | 10-12 | 13-15 | 16-18 | 19-21 || total
-------------------------+-------+-------+-------+-------+-------+-------+-------++-------
Melee: Mace              |    56 |       |       |       |       |       |       ||    56
       Dagger            |    19 |    73 |       |       |       |       |       ||    92
       Flail             |       |   166 |    67 |       |       |       |       ||   233
       Morningstar       |       |       |   339 |   880 |  1497 |       |       ||  2716
       Demon whip        |       |       |       |       |   286 |  1538 |   372 ||  2196
 Fire: Blowgun           |       |    22 |    45 |    18 |    25 |     8 |       ||   118
Throw: Javelin           |       |       |    19 |    11 |    41 |    49 |     2 ||   122
       Tomahawk          |       |       |    29 |    18 |     2 |       |       ||    49
       Throwing net      |       |       |     1 |       |       |     1 |       ||     2
 Cast: Shroud of Golubri |     3 |    28 |    36 |    24 |       |     1 |       ||    92
       Summon Butterflie |       |     2 |     2 |       |       |       |       ||     4
       Blink             |       |       |     8 |       |     2 |     4 |       ||    14
       Portal Projectile |       |       |     3 |     5 |     1 |     2 |       ||    11
       Animate Skeleton  |       |       |    16 |   179 |   245 |       |       ||   440
       Vampiric Draining |       |       |       |     2 |    36 |    42 |    13 ||    93
       Tukima's Dance    |       |       |       |       |     3 |     3 |       ||     6
       Animate Dead      |       |       |       |       |    25 |   153 |    32 ||   210
       Phase Shift       |       |       |       |       |       |    29 |     4 ||    33
       Teleport Other    |       |       |       |       |       |     3 |       ||     3
       Agony             |       |       |       |       |       |       |     9 ||     9
       Dispel Undead     |       |       |       |       |       |       |     5 ||     5
Invok: Bend Time         |       |     2 |     2 |     2 |     3 |       |       ||     9
       Slouch            |       |       |     5 |     9 |    17 |    11 |     4 ||    46
       Temporal Distorti |       |       |     1 |       |     4 |     2 |       ||     7
Evoke: Wand              |       |     2 |     9 |    23 |    13 |     4 |       ||    51
       Stone of tremors  |       |       |       |       |     1 |       |       ||     1
       Phial of floods   |       |       |       |       |       |     3 |       ||     3
  Use: Scroll            |     5 |     3 |     8 |     8 |    18 |     9 |     6 ||    57
 Stab: Sleeping          |       |     1 |       |     3 |       |     1 |       ||     5
       Distracted        |       |       |     1 |    17 |    37 |    17 |     2 ||    74
       Petrified         |       |       |       |       |     4 |       |       ||     4
       Confused          |       |       |       |       |       |     1 |       ||     1
